 Dungeon Crawl Stone Soup version 0.32-a0-35-gd9ff480 (webtiles) character file.

Game seed: 4955426410389089572

140 Dorkslayer the Ruffian (level 5, -2/33 HPs)
             Began as an Octopode Shapeshifter on Jan 21, 2024.
             Slain by a gnoll
             ... wielding a +1 halberd of freezing
              (6 damage)
             ... on level 3 of the Dungeon.
             The game lasted 00:06:50 (2124 turns).

Dorkslayer the Ruffian (Octopode Shapeshifter)      Turns: 2124, Time: 00:06:51

Health: -2/33      AC:  5    Str: 15    XL:     5   Next: 23%
Magic:  5/5        EV: 13    Int: 17    God:
Gold:   143        SH:  0    Dex: 15    Spells: 4/4 levels left

rFire   . . .        l - +0 mace
rCold   . . .        (no shield)
rNeg    . . .        (helmet currently unavailable)
rPois   +            (no amulet)
rElec   .            e - +4 ring of protection
rCorr   .            o - +6 ring of intelligence
SInv    .            (no ring)
Will    .....        (no ring)
Stlth   +++          (no ring)
HPRegen 0.25/turn    (no ring)
MPRegen 0.09/turn    (no ring)
                     (no ring)

%: no passive effects
@: beast-form
A: beast (slay +2), almost no armour, amphibious, 8 rings, camouflage 1,
gelatinous body 1, (nimble swimmer 1), tentacles, agile 1, poison resistance,
inability to read after injury 1, MP-powered wands
a: Begin Untransformation


You were on level 3 of the Dungeon.
You were a hulking beast.
You visited 1 branch of the dungeon, and saw 4 of its levels.

You collected 143 gold pieces.

Inventory:

Hand Weapons
 l - a +0 mace (weapon)
Jewellery
 e - a +4 ring of protection (left tentacle)
 o - a +6 ring of intelligence (right tentacle)
Talismans
 b - a beast talisman
 c - a flux talisman
Scrolls
 d - 2 scrolls of identify {unknown}
 f - 2 scrolls of immolation {unknown}
 g - a scroll of vulnerability {unknown}
 h - 4 scrolls of teleportation {unknown}
 j - a scroll of enchant armour {unknown}
 k - a scroll of enchant weapon {unknown}
 n - a scroll of revelation {unknown}
Potions
 a - 2 potions of lignification
 i - a potion of resistance
 p - a potion of heal wounds {unknown}
 r - a potion of cancellation
 s - a potion of brilliance {unknown}
 t - a potion of haste {unknown}


   Skills:
 + Level 1.3 Fighting
 + Level 1.4 Maces & Flails
 + Level 2.2 Dodging
 + Level 1.5 Stealth
 + Level 4.4 Unarmed Combat
 + Level 3.7 Shapeshifting


You had 4 spell levels left.
You didn't know any spells.
Your spell library contained the following spells:

 Spells                   Type           Power      Damage    Failure   Level
 Apportation              Tloc           0%         N/A       24%         1
 Necrotise                Necr           0%         1d4       24%         1
 Sting                    Conj/Alch      0%         1d3       24%         1
 Summon Small Mammal      Summ           0%         N/A       24%         1
 Ensorcelled Hibernation  Hex/Ice        0%         N/A       34%         2
 Fugue of the Fallen      Necr           0%         N/A       56%         3
 Anguish                  Hex/Necr       0%         N/A       93%         4


Dungeon Overview and Level Annotations

Branches:
Dungeon (4/15)
 Temple: D:4-7

Altars:
Nemelex Xobeh


Innate Abilities, Weirdness & Mutations

You are a hulking beast.
Your limbs bulge with bestial killing power. (Slay +2)
You cannot wear most types of armour.
You are amphibious.
You can wear up to eight rings at the same time.
Your skin changes colour to match your surroundings (Stealth+).
Your rubbery body absorbs attacks. (AC +1, EV +1)
((You are camouflaged when in or above water. (Stealth+)))
You have tentacles for arms and can constrict up to eight enemies at once.
You are agile. (Dex +4, Str/Int -1)
Your system is resistant to poisons. (rPois)
You occasionally lose the ability to read scrolls when taking damage.
You expend magic power (3 MP) to strengthen your wands.


Message History

You hit the gnoll.
You kill the gnoll!
You feel sick.
You hit the gnoll. You grab the gnoll.
You squeeze the gnoll, but do no damage.
The gnoll is moderately wounded.
You constrict the gnoll.
You feel sick. The gnoll misses you.
A frilled lizard comes into view.
You completely miss the gnoll.
The gnoll is heavily wounded.
You constrict the gnoll.
You feel sick. The gnoll hits you with a +0 flail.
The gnoll hits you with a +0 flail! The gnoll misses you.
You completely miss the gnoll. You squeeze the gnoll.
You kill the gnoll!
You feel sick.
You are no longer poisoned.
The gnoll hits you from afar with a +1 halberd of freezing.
* * * LOW HITPOINT WARNING * * *
The gnoll freezes you.
* * * LOW HITPOINT WARNING * * *
Throw: throwing net
Press: ? - help, Q - select action Shift-Dir - straight line, f - gnoll
Aim: a gnoll, wielding a +1 halberd of freezing (58% to hit)
You throw a throwing net.
The throwing net barely misses the gnoll.
The gnoll misses you.
It was a potion of resistance.
You feel protected. The gnoll misses you.
It was a potion of cancellation.
Your magical effects are unravelling.
You feel magically purged.
Your resistance to elements expires.
The gnoll misses you.
It was a potion of mutation.
You feel extremely strange.
You feel your magical essence link to the dungeon's wands.
You occasionally lose the ability to read scrolls when taking damage.
You feel resistant to poisons.
You feel agile.
The gnoll hits you from afar with a +1 halberd of freezing.
You die...

#.#########
#.#. #.#
#.#. #.# #
#. #.# ..
#.# # .# #.#
... ..
##.####.....
..
#...)g......
#.#h##......
#.#.# .....
#.#.# ....
..#.# ...
....# ..
...### . ..
#. #.


You could see a gnoll.

Vanquished Creatures
  Robin (D:3)
  3 gnolls (D:3)
  3 adders
  3 dart slugs
  An orc (D:3)
  8 endoplasms
  A giant cockroach (D:3)
  11 goblins
  7 hobgoblins
  3 jackals (D:2)
  6 kobolds
  4 ball pythons
  8 bats
  3 frilled lizards
  2 rats (D:1)
64 creatures vanquished.

Notes
Turn   | Place    | Note
-------+----------+-------------------------------------------
     0 | D:1      | Dorkslayer the Octopode Shapeshifter began the quest for
                  | the Orb.
     0 | D:1      | Reached XP level 1. HP: 13/13 MP: 1/1
   123 | D:1      | Found a faded altar of an unknown god.
   192 | D:1      | Reached XP level 2. HP: 18/18 MP: 2/2
   480 | D:1      | Reached XP level 3. HP: 19/23 MP: 3/3
   754 | D:2      | Reached skill level 1 in Stealth
  1117 | D:2      | You fall into a shaft and drop 2 floors!
  1130 | D:4      | Reached skill level 4 in Unarmed Combat
  1174 | D:3      | Reached XP level 4. HP: 18/28 MP: 4/4
  1759 | D:3      | Noticed Robin
  1776 | D:3      | Killed Robin
  1897 | D:3      | Found a sparkling altar of Nemelex Xobeh.
  2088 | D:3      | Reached skill level 1 in Maces & Flails
  2088 | D:3      | Reached XP level 5. HP: 27/33 MP: 5/5
  2124 | D:3      | Gained mutation: You expend magic power (3 MP) to
                  | strengthen your wands. [potion of mutation]
  2124 | D:3      | Gained mutation: You occasionally lose the ability to read
                  | scrolls when taking damage. [potion of mutation]
  2124 | D:3      | Gained mutation: Your system is resistant to poisons.
                  | (rPois) [potion of mutation]
  2124 | D:3      | Gained mutation: You are agile. (Dex +4, Str/Int -1)
                  | [potion of mutation]
  2124 | D:3      | Slain by a gnoll

Illustrated notes

Levels and vault maps discovered:
D:1:      eino_arrival_cavern_e, layout_basic, serial_bayou,
          serial_bayou_pond_c, serial_bayou_crossing, serial_bayou_pond_c,
          serial_bayou_lagoon_a, serial_bayou_pond_d,
          shapermc_ecumenical_altar_mp_ritualfount
D:2:      layout_basic, kennysheep_cross_bottleneck
D:3:      layout_loops_ring, nemelex_spade_bored_becter, uniq_robin
D:4:      layout_gridville, uniq_natasha

Skill      XL: |  1  2  3  4 |
---------------+-------------+-----
Stealth        | 1 |  1.5
Unarmed Combat | 4 |  4.4
Maces & Flails | 1 |  1.4
Fighting       | |  1.3
Dodging        | |  2.2
Shapeshifting  | |  3.7

Action                     |  1- 3 |  4- 6 || total
---------------------------+-------+-------++-------
  Melee: Unarmed           |    67 |       ||    67
         Constrict         |    24 |    14 ||    38
         Tentacles         |    10 |    12 ||    22
         Punch             |     1 |       ||     1
         Mace              |     7 |    52 ||    59
  Throw: Throwing net      |       |     2 ||     2
    Use: Potion            |       |     3 ||     3
   Stab: Sleeping          |     5 |     4 ||     9
 Armour: Skin              |    21 |    27 ||    48
  Dodge: Dodged            |    36 |    27 ||    63

Table legend: (Time is in decaauts)
 A = Elapsed time spent in this place.
 B = Non-inter-level travel time spent in this place.
 C = Inter-level travel time spent in this place.
 D = Time resting spent in this place.
 E = Time spent auto-exploring this place.
 F = Levels seen in this place.
 G = Mean time per level.
                   A        B        C        D        E       F      G
               +--------+--------+--------+--------+--------+-----+--------+
         Total |   2139 |   2139 |      0 |     88 |   1131 |   4 |  534.8 |
       Dungeon |   2139 |   2139 |      0 |     88 |   1131 |   4 |  534.8 |
               +--------+--------+--------+--------+--------+-----+--------+

Top non-repeatable levels by time:
     D:2: 787 daAuts
     D:1: 718 daAuts
     D:3: 589 daAuts
     D:4: 45 daAuts
